CBL
ERIE SEAWOLVES @ MINNEAPOLIS MILLERS
05/05/2053
 
TOP OF THE 1ST
Erie Seawolves batting - Pitching for Minneapolis Millers : RHP Tim Turner
Pitching: RHP Tim Turner
Batting: SHB Joey Trojanowski 0-0: Ball
1-0: Ball
2-0: Foul Ball, location: 2F
2-1: Foul Ball, location: 2F
2-2: Ground out 3-1 (Groundball, 34, EV 101.3 MPH)
Batting: LHB Pacho Herrera 0-0: Ball
1-0: Called Strike
1-1: Ball
2-1: Foul Ball, location: 2F
2-2: Strikes out looking
Batting: LHB Mike Cassone 0-0: SINGLE (Line Drive, 8RS, EV 103.1 MPH)
Batting: RHB Esteban Reyes 0-0: Ball
1-0: Called Strike
1-1: Fly out, F9 (Flyball, 9S, EV 84.4 MPH)
Top of the 1st over - 0 runs, 1 hit, 0 errors, 1 left on base; Erie 0 - Minneapolis 0
BOTTOM OF THE 1ST
Minneapolis Millers batting - Pitching for Erie Seawolves : RHP Eric Svancara
Pitching: RHP Eric Svancara
Batting: RHB Elijah Tatis 0-0: Ball
1-0: SINGLE (Groundball, 4MD, EV 99.4 MPH)
Batting: SHB Dexter Morgan 0-0: Ball
1-0: Foul Ball, location: 23F
1-1: Foul Ball, location: 3F
1-2: Ball
2-2: Ball
3-2: Ground out 6-3 (Groundball, 6, EV 109.4 MPH)
Elijah Tatis to second
Batting: LHB Liam Trudgeon 0-0: Ball
1-0: Fly out, F7 (Flyball, 7S, EV 94.4 MPH)
Batting: RHB Danny Berry 0-0: Ball
1-0: Fly out, F8 (Line Drive, 8LS, EV 99.4 MPH)
Bottom of the 1st over - 0 runs, 1 hit, 0 errors, 1 left on base; Erie 0 - Minneapolis 0
TOP OF THE 2ND
Erie Seawolves batting - Pitching for Minneapolis Millers : RHP Tim Turner
Batting: LHB Josh Hicks 0-0: Ball
1-0: SINGLE (Groundball, 4MD, EV 95.6 MPH)
Batting: RHB Pat Vander Laan 0-0: Called Strike
0-1: Ball
1-1: Swinging Strike
1-2: Ball
2-2: Ball
3-2: Strikes out swinging
Batting: RHB Don Lichtenauer 0-0: Called Strike
0-1: Foul Ball, location: 3F
0-2: Grounds into double play, 6-4-3 (Groundball, 6, EV 80.6 MPH)
Top of the 2nd over - 0 runs, 1 hit, 0 errors, 0 left on base; Erie 0 - Minneapolis 0
BOTTOM OF THE 2ND
Minneapolis Millers batting - Pitching for Erie Seawolves : RHP Eric Svancara
Batting: LHB Daniel Ramírez 0-0: Called Strike
0-1: Ball
1-1: Swinging Strike
1-2: Ball
2-2: Ball
3-2: Base on Balls
Batting: RHB Abel Vermeersch 0-0: Ball
1-0: DOUBLE (Line Drive, 89XD, EV 110.0 MPH)
Daniel Ramírez to third
Batting: RHB Daniel Peña 0-0: Foul Ball, location: 25F
0-1: Foul Ball, location: 3F
0-2: Ball
1-2: Foul Ball, location: 2F
1-2: Ball
2-2: Strikes out swinging
Batting: RHB Carel Ketteringham 0-0: Swinging Strike
0-1: Fly out, F8 (Flyball, 89S, EV 89.4 MPH)
Batting: RHB Jesús Alfaro 0-0: Ball
1-0: Ball
2-0: Swinging Strike
2-1: Ball
3-1: Base on Balls
Batting: RHB Elijah Tatis 0-0: Called Strike
0-1: Called Strike
0-2: Strikes out swinging
Bottom of the 2nd over - 0 runs, 1 hit, 0 errors, 3 left on base; Erie 0 - Minneapolis 0
TOP OF THE 3RD
Erie Seawolves batting - Pitching for Minneapolis Millers : RHP Tim Turner
Batting: RHB Ed Brochin 0-0: Called Strike
0-1: Foul Ball, location: 3F
0-2: Ball
1-2: Strikes out looking
Batting: RHB Alvin Lizak 0-0: Ball
1-0: Ball
2-0: Foul Ball, location: 7LSF
2-1: Fly out, F9 (Flyball, 9D, EV 83.1 MPH)
Batting: SHB Joey Trojanowski 0-0: Ground out 5-3 (Groundball, 5, EV 81.3 MPH)
Top of the 3rd over - 0 runs, 0 hits, 0 errors, 0 left on base; Erie 0 - Minneapolis 0
BOTTOM OF THE 3RD
Minneapolis Millers batting - Pitching for Erie Seawolves : RHP Eric Svancara
Batting: SHB Dexter Morgan 0-0: Fly out, F3 (Popup, 23F, EV 92.5 MPH)
Batting: LHB Liam Trudgeon 0-0: Called Strike
0-1: Foul Ball, location: 23F
0-2: Ball
1-2: Strikes out swinging
Batting: RHB Danny Berry 0-0: Called Strike
0-1: Ball
1-1: SOLO HOME RUN (Flyball, 7D, EV 99.4 MPH), Distance : 371 ft
Batting: LHB Daniel Ramírez 0-0: Ball
1-0: Swinging Strike
1-1: Called Strike
1-2: Ball
2-2: Foul Ball, location: 2F
2-2: Strikes out swinging
Bottom of the 3rd over - 1 run, 1 hit, 0 errors, 0 left on base; Erie 0 - Minneapolis 1
TOP OF THE 4TH
Erie Seawolves batting - Pitching for Minneapolis Millers : RHP Tim Turner
Batting: LHB Pacho Herrera 0-0: Ball
1-0: Called Strike
1-1: Foul Ball, location: 23F
1-2: Fly out, F9 (Flyball, 9LS, EV 88.1 MPH)
Batting: LHB Mike Cassone 0-0: Called Strike
0-1: Ground out 6-3 (Groundball, 6M, EV 101.9 MPH)
Batting: RHB Esteban Reyes 0-0: Ball
1-0: Ball
2-0: Swinging Strike
2-1: Ball
3-1: Fly out, F9 (Flyball, 89M, EV 88.8 MPH)
Top of the 4th over - 0 runs, 0 hits, 0 errors, 0 left on base; Erie 0 - Minneapolis 1
BOTTOM OF THE 4TH
Minneapolis Millers batting - Pitching for Erie Seawolves : RHP Eric Svancara
Batting: RHB Abel Vermeersch 0-0: Called Strike
0-1: Swinging Strike
0-2: Foul Ball, location: 2LF
0-2: Foul Ball, location: 2F
0-2: Strikes out looking
Batting: RHB Daniel Peña 0-0: Called Strike
0-1: Ball
1-1: Ground out 4-3 (Groundball, 4, EV 86.3 MPH)
Batting: RHB Carel Ketteringham 0-0: Called Strike
0-1: Ball
1-1: Foul Ball, location: 5DF
1-2: Ground out 6-3 (Groundball, 6, EV 90.6 MPH)
Bottom of the 4th over - 0 runs, 0 hits, 0 errors, 0 left on base; Erie 0 - Minneapolis 1
TOP OF THE 5TH
Erie Seawolves batting - Pitching for Minneapolis Millers : RHP Tim Turner
Batting: LHB Josh Hicks 0-0: Called Strike
0-1: Swinging Strike
0-2: Ball
1-2: Ground out U3 (Groundball, 3, EV 91.3 MPH)
Batting: RHB Pat Vander Laan 0-0: SINGLE (Line Drive, 9S, EV 94.4 MPH)
Batting: RHB Don Lichtenauer 0-0: Fielders Choice at 2nd, 1-6 (Groundball, 34S, EV 67.5 MPH)
Batting: RHB Ed Brochin 0-0: Called Strike
0-1: Swinging Strike
0-2: SINGLE (Groundball, 13S, EV 72.5 MPH) (infield hit)
Don Lichtenauer to second
Batting: RHB Alvin Lizak 0-0: Called Strike
0-1: Ball
1-1: Ball
2-1: Ball
3-1: Base on Balls
Don Lichtenauer to third
Ed Brochin to second
Batting: SHB Joey Trojanowski 0-0: Called Strike
0-1: Ball
1-1: Ball
2-1: Ball
3-1: Swinging Strike
3-2: SINGLE (Line Drive, 89M, EV 92.5 MPH)
Don Lichtenauer scores
Ed Brochin to third
Alvin Lizak to second
Ed Brochin scores
Alvin Lizak to third
Batting: LHB Pacho Herrera 0-0: Ball
1-0: Ball
2-0: Foul Ball, location: 5FF
2-1: Ball
3-1: Foul Ball, location: 25FF
3-2: Foul Ball, location: 23F
3-2: Strikes out looking
Top of the 5th over - 2 runs, 3 hits, 0 errors, 2 left on base; Erie 2 - Minneapolis 1
BOTTOM OF THE 5TH
Minneapolis Millers batting - Pitching for Erie Seawolves : RHP Eric Svancara
Batting: RHB Jesús Alfaro 0-0: Ball
1-0: Foul Ball, location: 2F
1-1: Ball
2-1: Foul Ball, location: 9LMF
2-2: Ball
3-2: Strikes out swinging
Batting: RHB Elijah Tatis 0-0: Ball
1-0: Foul Ball, location: 2F
1-1: Foul Ball, location: 9LSF
1-2: Fly out, F8 (Flyball, 8RM, EV 92.5 MPH)
Batting: SHB Dexter Morgan 0-0: Foul Ball, location: 5SF
0-1: Ball
1-1: Called Strike
1-2: Strikes out swinging
Bottom of the 5th over - 0 runs, 0 hits, 0 errors, 0 left on base; Erie 2 - Minneapolis 1
TOP OF THE 6TH
Erie Seawolves batting - Pitching for Minneapolis Millers : RHP Tim Turner
Batting: LHB Mike Cassone 0-0: Called Strike
0-1: Ball
1-1: Swinging Strike
1-2: Ball
2-2: Strikes out swinging
Batting: RHB Esteban Reyes 0-0: SINGLE (Line Drive, 89M, EV 103.1 MPH)
Batting: LHB Josh Hicks 0-0: Ball
1-0: Called Strike
1-1: Foul Ball, location: 7LDF
1-2: Foul Ball, location: 2F
1-2: SINGLE (Line Drive, 34D, EV 108.1 MPH)
Esteban Reyes to second
Batting: RHB Pat Vander Laan 0-0: SINGLE (Line Drive, 78S, EV 99.4 MPH)
Esteban Reyes to third
Josh Hicks to second
Runner from 3rd tries for Home, SAFE, throw by LF to home
Batting: RHB Don Lichtenauer 0-0: SINGLE (Line Drive, 89S, EV 90.6 MPH)
Josh Hicks to third
Pat Vander Laan to second
Batting: RHB Ed Brochin 0-0: Ball
1-0: Fly out, F7 (Flyball, 78M, EV 81.9 MPH)
Runner from 3rd tags up, SCORES, throw by LF
Batting: RHB Alvin Lizak 0-0: Swinging Strike
0-1: 3-RUN HOME RUN (Flyball, 78XD, EV 97.5 MPH), Distance : 397 ft
Pitching: RHP Juan De La Cruz
Batting: SHB Joey Trojanowski 0-0: Fly out, F7 (Flyball, 7, EV 93.1 MPH)
Top of the 6th over - 5 runs, 5 hits, 0 errors, 0 left on base; Erie 7 - Minneapolis 1
BOTTOM OF THE 6TH
Minneapolis Millers batting - Pitching for Erie Seawolves : RHP Eric Svancara
Batting: LHB Liam Trudgeon 0-0: Ball
1-0: Foul Ball, location: 5F
1-1: Foul Ball, location: 2RF
1-2: Foul Ball, location: 2F
1-2: Strikes out swinging
Batting: RHB Danny Berry 0-0: Ball
1-0: Swinging Strike
1-1: Swinging Strike
1-2: Ball
2-2: Strikes out swinging
Batting: LHB Daniel Ramírez 0-0: Ball
1-0: Called Strike
1-1: Called Strike
1-2: Strikes out looking
Bottom of the 6th over - 0 runs, 0 hits, 0 errors, 0 left on base; Erie 7 - Minneapolis 1
TOP OF THE 7TH
Erie Seawolves batting - Pitching for Minneapolis Millers : RHP Juan De La Cruz
Batting: LHB Pacho Herrera 0-0: Ball
1-0: Ball
2-0: Called Strike
2-1: Called Strike
2-2: Foul Ball, location: 2F
2-2: Foul Ball, location: 23F
2-2: Fly out, F9 (Flyball, 9D, EV 94.4 MPH)
Batting: LHB Mike Cassone 0-0: Ball
1-0: Ball
2-0: Fly out, F9 (Flyball, 9, EV 86.9 MPH)
Batting: RHB Esteban Reyes 0-0: Ball
1-0: Ball
2-0: Called Strike
2-1: Foul Ball, location: 2F
2-2: Fly out, F7 (Flyball, 78S, EV 86.3 MPH)
Top of the 7th over - 0 runs, 0 hits, 0 errors, 0 left on base; Erie 7 - Minneapolis 1
BOTTOM OF THE 7TH
Minneapolis Millers batting - Pitching for Erie Seawolves : RHP Eric Svancara
Pitching: LHP Steve Davidson
Batting: RHB Abel Vermeersch 0-0: Called Strike
0-1: Swinging Strike
0-2: Ball
1-2: Ball
2-2: Ball
3-2: Foul Ball, location: 2F
3-2: Fly out, F7 (Line Drive, 7, EV 98.1 MPH)
Batting: RHB Daniel Peña 0-0: Foul Ball, location: 2F
0-1: SINGLE (Line Drive, 9LS, EV 92.5 MPH)
Batting: RHB Carel Ketteringham 0-0: Fly out, F8 (Flyball, 89M, EV 94.4 MPH)
Batting: RHB Jesús Alfaro 0-0: Ball
1-0: Called Strike
1-1: Called Strike
1-2: Ball
2-2: Strikes out swinging
Bottom of the 7th over - 0 runs, 1 hit, 0 errors, 1 left on base; Erie 7 - Minneapolis 1
TOP OF THE 8TH
Erie Seawolves batting - Pitching for Minneapolis Millers : RHP Juan De La Cruz
Batting: LHB Josh Hicks 0-0: Ball
1-0: Swinging Strike
1-1: Ground out U3 (Groundball, 3, EV 101.9 MPH)
Batting: RHB Pat Vander Laan 0-0: Ball
1-0: Ball
2-0: Ball
3-0: Base on Balls
Batting: RHB Don Lichtenauer 0-0: Foul Ball, location: 2F
0-1: Grounds into double play, 6-4-3 (Groundball, 6, EV 93.1 MPH)
Top of the 8th over - 0 runs, 0 hits, 0 errors, 0 left on base; Erie 7 - Minneapolis 1
BOTTOM OF THE 8TH
Minneapolis Millers batting - Pitching for Erie Seawolves : LHP Steve Davidson
Batting: RHB Elijah Tatis 0-0: Ground out 4-3 (Groundball, 34D, EV 95.6 MPH)
Batting: SHB Dexter Morgan 0-0: Ball
1-0: Called Strike
1-1: Ball
2-1: Ball
3-1: SINGLE (Line Drive, 6D, EV 100.0 MPH)
Batting: LHB Liam Trudgeon 0-0: Called Strike
0-1: Fly out, F2 (Popup, 25F, EV 90.0 MPH)
Batting: RHB Danny Berry 0-0: Called Strike
0-1: Ball
1-1: Swinging Strike
1-2: Ball
Wild Pitch!
Dexter Morgan to second
2-2: Foul Ball, location: 2F
2-2: Ball
3-2: Fly out, F8 (Flyball, 8RXD, EV 95.0 MPH)
Bottom of the 8th over - 0 runs, 1 hit, 0 errors, 1 left on base; Erie 7 - Minneapolis 1
TOP OF THE 9TH
Erie Seawolves batting - Pitching for Minneapolis Millers : RHP Juan De La Cruz
Batting: RHB Ed Brochin 0-0: Fly out, F3 (Popup, 3S, EV 84.4 MPH)
Batting: RHB Alvin Lizak 0-0: Foul Ball, location: 5F
0-1: Foul Ball, location: 5F
0-2: Ball
1-2: Strikes out swinging
Batting: SHB Joey Trojanowski 0-0: Ball
1-0: Called Strike
1-1: Called Strike
1-2: Strikes out looking
Top of the 9th over - 0 runs, 0 hits, 0 errors, 0 left on base; Erie 7 - Minneapolis 1
BOTTOM OF THE 9TH
Minneapolis Millers batting - Pitching for Erie Seawolves : LHP Steve Davidson
Pinch Hitting: SHB Jarred Malone 0-0: Ball
1-0: Foul Ball, location: 3DF
1-1: Foul Ball, location: 7LSF
1-2: Ball
2-2: SINGLE (Line Drive, 56D, EV 96.9 MPH)
Batting: RHB Abel Vermeersch 0-0: Called Strike
0-1: Foul Ball, location: 2F
0-2: Fielders Choice at 2nd, 3-6 (Groundball, 34, EV 85.6 MPH)
Batting: RHB Daniel Peña 0-0: Swinging Strike
0-1: Ball
1-1: SINGLE (Line Drive, 7S, EV 91.3 MPH)
Abel Vermeersch to second
Pitching: LHP Wes Pedigo
Batting: RHB Carel Ketteringham 0-0: Ball
1-0: Foul Ball, location: 2F
1-1: Foul Ball, location: 2F
1-2: Ball
2-2: Fly out, F7 (Flyball, 7, EV 96.3 MPH)
Batting: RHB Jesús Alfaro 0-0: SINGLE (Groundball, 4MD, EV 101.3 MPH)
Abel Vermeersch to third
Daniel Peña to second
Batting: RHB Elijah Tatis 0-0: Ball
Wild Pitch!
Abel Vermeersch scores
Daniel Peña to third
Jesús Alfaro to second
1-0: Ball
2-0: SINGLE (Line Drive, 7S, EV 103.1 MPH)
Daniel Peña scores
Jesús Alfaro to third
Batting: SHB Dexter Morgan 0-0: Called Strike
0-1: Called Strike
0-2: Foul Ball, location: 2F
0-2: Foul Ball, location: 25F
0-2: Ball
1-2: Strikes out looking
Bottom of the 9th over - 2 runs, 4 hits, 0 errors, 2 left on base; Erie 7 - Minneapolis 3
Sunday, February 25th , 2024 - OOTP Baseball 24.11 Build 85